Map: Ulrena

Players

Chooski - Winner!

  • Race: Terran Terran

LilDicky

  • Race: Terran Terran
  • League: Diamond

VOD

http://www.twitch.tv/tumescentpie

Description

Time

  • Played on: Jan. 1, 2016, 11:36 p.m.
  • Length: 5:08
Show
View Real Time Build Order
Export as new Build Order

Chooski Terran - Winner!

Build Orders: Banshee Rush 

Get SALT Encoding   

  12  0:01  SCV  
  13  0:13  SCV  
  14  0:27  Supply Depot, SCV  
  15  0:49  SCV  
  16  0:50  Barracks  
  16  0:53  Refinery  
  16  1:01  SCV  
  17  1:16  SCV  
  18  1:26  Refinery  
  18  1:28  SCV  
  19  1:38  Marine  
  20  1:42  Orbital Command  
  20  1:43  Supply Depot  
  20  1:57  Marine  
  21  2:08  SCV, Factory  
  21  2:11  Supply Depot  
  21  2:15  Marine  
  23  2:20  SCV  
  24  2:32  Marine  
  24  2:33  SCV  
  24  2:35  Supply Depot  
  26  2:45  SCV  
  26  2:50  Marine  
  28  2:52  Factory Tech Lab  
  28  2:53  Starport  
  28  2:57  SCV  
  29  3:09  SCV  
  30  3:18  Marine  
  31  3:21  SCV  
  31  3:26  Supply Depot  
  32  3:28  Factory Tech Lab  
  32  3:33  SCV  
  33  3:37  Banshee, Cloaking Field  
  36  3:44  Barracks Reactor  
  36  3:45  SCV  
  37  3:49  Siege Tank, Barracks  
  40  3:57  SCV  
  41  4:07  Command Center  
  41  4:11  SCV  
  42  4:20  Banshee  
  42  4:23  SCV, Marine x2  
  48  4:28  Siege Tank  
  51  4:40  Marine x2  
  51  4:44  Marine  
Show
View Real Time Build Order
Export as new Build Order

LilDicky Terran 

Build Orders: Liberator Opening 

Get SALT Encoding   

  12  0:04  SCV  
  13  0:16  SCV  
  14  0:22  Supply Depot  
  14  0:31  SCV  
  15  0:36  Refinery  
  15  0:43  SCV  
  16  0:57  SCV, Barracks  
  17  1:09  SCV  
  18  1:21  SCV  
  19  1:28  Refinery  
  19  1:33  SCV  
  20  1:44  Marine  
  20  1:46  Orbital Command  
  21  1:47  Supply Depot  
  21  2:07  Marine  
  22  2:14  SCV  
  23  2:21  Factory  
  23  2:25  Marine  
  23  2:29  SCV  
  25  2:43  SCV, Marine  
  27  2:55  SCV  
  28  3:00  Marine  
  29  3:06  Factory Tech Lab, Supply Depot  
  29  3:07  SCV, Starport  
  30  3:18  Marine  
  31  3:27  SCV  
  32  3:37  Supply Depot  
  32  3:38  Siege Tank  
  32  3:39  Marine  
  36  3:41  Liberator  
  36  3:42  SCV  
  37  3:54  SCV  
  38  3:58  Supply Depot  
  38  4:01  Marine  
  42  4:07  SCV  
  43  4:19  SCV  
  44  4:25  Siege Tank  
  44  4:30  Marine  
  48  4:34  Engineering Bay  
  48  4:39  SCV  
  48  4:40  Supply Depot  
  48  4:44  Command Center  
  48  4:47  Marine  
  45  4:53  Command Center  
  44  5:06  Missile Turret  
Tags
 
Add a new tag
Caveats
  • Supply blocks, unpowered buildings, or Contaminate may cause inaccurate times.
  • Supply counts are checked every 10 seconds.